 Dungeon Crawl Stone Soup version 0.29.0-11-gd7f09526c8 (webtiles) character file.

Game seed: 10965993938021564120

58 xian the Chucker (level 4, -5/40 HPs)
             Began as an Ogre Wanderer on Sept 3, 2022.
             Killed by divine providence
             ... invoked by an orc priest
              (12 damage)
             ... on level 3 of the Dungeon.
             The game lasted 00:05:25 (1838 turns).

xian the Chucker (Ogre Wanderer)                    Turns: 1838, Time: 00:05:26

Health: -5/40      AC:  4    Str: 12    XL:     4   Next: 2%
Magic:  6/6        EV:  9    Int: 17    God:
Gold:   88         SH:  0    Dex: 16    Spells: 2/6 levels left

rFire   . . .      SeeInvis .   a - +2 dagger
rCold   . . .      Faith    .   (no shield)
rNeg    . . .      Spirit   .   e - +0 robe
rPois   .          Reflect  .   (helmet restricted)
rElec   .          Harm     .   t - +0 cloak
rCorr   .          Rampage  .   (gloves unavailable)
Will    .....                   (boots unavailable)
Stlth   ++........              p - amulet of magic regeneration
HPRegen 0.13/turn               k - +6 ring of dexterity
MPRegen 0.50/turn               u - ring of flight

@: flying
A: large, unfitting armour, tough skin 1
a: no special abilities


You were on level 3 of the Dungeon.
You visited 1 branch of the dungeon, and saw 3 of its levels.

You collected 88 gold pieces.

Inventory:

Hand Weapons
 a - a +2 dagger (weapon)
Missiles
 b - 6 curare-tipped darts
 i - 6 poisoned darts
 r - 6 silver javelins
 s - 17 stones
Armour
 e - a +0 robe (worn)
 j - a +0 pair of boots
 t - a +0 cloak (worn)
Jewellery
 k - a +6 ring of dexterity (left hand)
 p - an amulet of magic regeneration (around neck)
 u - a ring of flight (right hand)
Wands
 c - a wand of polymorph (7)
Scrolls
 g - 2 scrolls of fog {unknown}
 h - a scroll of fear {unknown}
 l - a scroll of identify {unknown}
 m - a scroll of immolation
 o - a scroll of amnesia {unknown}
Potions
 d - a potion of berserk rage
 f - 2 potions of heal wounds {unknown}
 n - a potion of flight {unknown}
 q - a potion of lignification {unknown}
 v - a potion of haste {unknown}


   Skills:
 + Level 0.6 Fighting
 + Level 0.4 Short Blades
 + Level 5.5 Throwing
 + Level 0.4 Dodging
 + Level 0.8 Stealth
 + Level 1.5 Spellcasting
 + Level 0.1 Conjurations
 + Level 2.2 Fire Magic
 + Level 1.6 Evocations


You had 2 spell levels left.
You knew the following spells:

 Your Spells              Type           Power      Damage    Failure   Level
a - Foxfire               Conj/Fire      20%        2x1d5     12%         1
b - Ignite Poison         Fire/Tmut/Pois 3%         N/A       41%         3

Your spell library contained the following spells:

 Spells                   Type           Power      Damage    Failure   Level
 Apportation              Tloc           2%         N/A       21%         1
 Alistair's Intoxication  Tmut/Pois      0%         N/A       99%         5


Dungeon Overview and Level Annotations

Branches:
Dungeon (3/15)

Altars:
Vehumet

Shops:
D:1 =

Annotations:
D:3 1 transporter, HedgehogGimli's ghost, amateur MfAK


Innate Abilities, Weirdness & Mutations

You are too large for most types of armour.
You have tough skin. (AC +1)


Message History

The foxfire hits the goblin.
You kill the goblin!
Things that are here:
a +0 dagger; a +0 sling
Things that are here:
a +0 dagger; a +0 sling An orc comes into view.
It is wielding a +0 short sword.
The orc shouts!
An orc priest comes into view. It is wielding a +0 war axe.
An orc comes into view. It is wielding a +0 hand axe.
The orc priest shouts!
The orc shouts!
You conjure some foxfire!
You conjure some foxfire!
The foxfire hits the orc priest.
The orc priest is lightly wounded.
Your foxfire dissipates!
The foxfire hits the orc priest.
The orc priest is moderately wounded.
The foxfire hits the orc priest.
The orc priest is heavily wounded.
You hit the orc priest but do no damage.
The orc priest is heavily wounded.
The orc priest hits you with a +0 war axe.
You hit the orc priest but do no damage.
The orc priest is heavily wounded.
The orc priest hits you with a +0 war axe.
The orc closely misses you.
You hit the orc priest.
The orc priest is heavily wounded.
The orc priest hits you with a +0 war axe!
The orc completely misses you.
You hit the orc priest but do no damage.
The orc priest is heavily wounded.
The orc priest hits you with a +0 war axe!
The orc hits you with a +0 hand axe!
* * * LOW HITPOINT WARNING * * *
You barely miss the orc priest.
The orc priest is heavily wounded.
The orc priest mumbles some strange prayers to Beogh against you.
Beogh smites you!
You die...

#.# #..# #..## #.#
#..###..## # #.#
#......... #. #.#
#.####..## #.#.# #.#
#.# #..##
#o...###.####.# #..##
#o......).####..##
#oo..##.........##
#@##.#########....
#...###............##
#### ############...
####


You could see an orc priest and 2 orcs.

Vanquished Creatures
  2 adders
  A worm (D:2)
  6 endoplasms
  4 goblins
  5 hobgoblins
  2 jackals (D:1)
  2 ball pythons
  5 bats
  4 frilled lizards
  A kobold (D:1)
  4 rats
36 creatures vanquished.

Vanquished Creatures (others)
  44 foxfires
44 creatures vanquished.

Grand Total: 80 creatures vanquished

Notes
Turn   | Place    | Note
-------+----------+-------------------------------------------
     0 | D:1      | xian the Ogre Wanderer began the quest for the Orb.
     0 | D:1      | xian set off with the following items: a +2 dagger, 4
                  | curare-tipped darts, a wand of polymorph (7), a potion of
                  | berserk rage, a +0 robe; and the following spell memorised:
                  | Foxfire; and the following spells available to memorise:
                  | Ignite Poison.
     0 | D:1      | Reached XP level 1. HP: 16/16 MP: 2/2
   124 | D:1      | Reached XP level 2. HP: 16/24 MP: 3/3
   659 | D:1      | Found Zeagheby's Jewellery Boutique.
   804 | D:2      | Reached XP level 3. HP: 27/32 MP: 1/4
   856 | D:2      | Found a faded altar of an unknown god.
  1041 | D:2      | Learned a level 3 spell: Ignite Poison
  1419 | D:3      | Noticed HedgehogGimli's ghost (amateur MfAK)
  1419 | D:3      | Noticed an ogre
  1419 | D:3      | Found a transporter.
  1424 | D:3      | Noticed an ogre
  1496 | D:3      | Found a radiant altar of Vehumet.
  1707 | D:3      | Reached XP level 4. HP: 36/40 MP: 6/6
  1838 | D:3      | Killed from afar by an orc priest

Illustrated notes

Levels and vault maps discovered:
D:1:      grunt_arrival_crossed_arrows, layout_basic, serial_shops, shop
D:2:      layout_basic, hellmonk_ecumenical_altar_blasted
D:3:      layout_loops_ring, mainiacjoe_overflow_catwalk_spiral,
          gammafunk_ghost_smash, kennysheep_generic_room_3

Skill      XL: |  1  2 |
---------------+-------+-----
Fire Magic     | 2 |  2.2
Fighting       | |  0.6
Short Blades   | |  0.4
Throwing       | |  5.5
Dodging        | |  0.4
Stealth        | |  0.8
Spellcasting   | |  1.5
Conjurations   | |  0.1
Evocations     | |  1.6

Action                   |  1- 3 |  4- 6 || total
-------------------------+-------+-------++-------
Melee: Dagger            |    53 |     5 ||    58
       Punch             |     2 |       ||     2
Throw: Dart              |     4 |       ||     4
       Stone             |     4 |       ||     4
 Cast: Foxfire           |    26 |     3 ||    29
 Stab: Distracted        |     1 |       ||     1
       Sleeping          |     3 |       ||     3
Armor: Robe              |    43 |       ||    43
Dodge: Dodged            |    36 |     2 ||    38
